 Dungeon Crawl Stone Soup version 0.31-a0-216-g22e908daa7 (webtiles) character file.

Game seed: 18275273143327892771

90393 qw the Severer (level 16, -4/104 HPs)
             Began as a Gargoyle Fighter on July 2, 2023.
             Was an Elder of Okawaru.
             Killed by divine providence
             ... invoked by an orc high priest
              (11 damage)
             ... on level 2 of the Orcish Mines.
             The game lasted 00:11:16 (23792 turns).

qw the Severer (Gargoyle Fighter)                  Turns: 23792, Time: 00:11:16

Health: -4/104     AC: 25    Str: 36    XL:     16   Next: 0%
Magic:  23/23      EV: 13    Int: 11    God:    Okawaru [****..]
Gold:   2837       SH: 18    Dex:  9    Spells: 15/15 levels left

rFire   . . .        f - +9 broad axe of Quantum Leap {heavy, Will++ Str+4}
rCold   . . .        F - +2 tower shield
rNeg    + . .        x - +3 plate armour
rPois   inf          (no helmet)
rElec   +            (no cloak)
rCorr   .            (no gloves)
SInv    .            (no boots)
Will    +++..        (no amulet) Stlth
                     B - +5 ring of evasion
HPRegen 0.37/turn    a - +6 ring of strength
MPRegen 0.18/turn

%: no passive effects
@: about to teleport, marked, corroded, flying
A: sickness immunity, AC +12, big wings, negative energy resistance 1,
electricity resistance, torment resistance 1, petrification resistance
a: Renounce Religion, Heroism, Finesse


You were on level 2 of the Orcish Mines.
You worshipped Okawaru.
Okawaru was greatly pleased with you.
You visited 4 branches of the dungeon, and saw 23 of its levels.
You also visited: Gauntlet.

You collected 2837 gold pieces.


Innate Abilities, Weirdness & Mutations

You are immune to sickness and miasma.
Your stone body is resilient. (AC +12)
You are immune to poison.
Your large and strong wings let you fly.
You resist negative energy. (rN+)
You are resistant to electric shocks. (rElec)
You are resistant to unholy torment.
You are immune to petrification.


   Skills:
 - Level 13.0 Fighting
 - Level 17.1 Axes
 - Level 6.2 Throwing
 - Level 10.1 Armour
 - Level 3.0 Dodging
 + Level 12.1 Shields
 - Level 10.0 Invocations


You had 15 spell levels left.
You didn't know any spells.
Your spell library was empty.

Inventory:

Hand Weapons
 f - the +9 broad axe of Quantum Leap (weapon) {heavy, Will++ Str+4}
   (You acquired it on level 4 of the Dungeon)

   Str:       It affects your strength (+4).
   Will:      It greatly increases your willpower.
 v - a +1 broad axe of electrocution
 E - a +1 eveningstar of protection
Missiles
 w - 15 boomerangs (quivered)
Armour
 c - a +2 chain mail of cold resistance
 g - a +0 helmet
 p - +0 acid dragon scales
 s - the +2 helmet of the Hidden Xeniums {+Blink Str+6 Int-5 Stlth+}
   (You found it in a Gauntlet)

   Str:       It affects your strength (+6).
   Int:       It affects your intelligence (-5).
   +Blink:    It lets you blink.
   Stlth:     It makes you more stealthy.
 t - a +0 cloak
 u - a +0 pair of gloves
 x - a +3 plate armour (worn)
 F - a +2 tower shield (worn)
Jewellery
 a - a +6 ring of strength (right hand)
 b - an amulet of reflection
 i - a ring of ice
 k - an amulet of regeneration
 q - a ring of ice
 A - a ring of protection from fire
 B - a +5 ring of evasion (left hand)
Scrolls
 n - 11 scrolls of identify
 o - 4 scrolls of teleportation
 z - a scroll of brand weapon
Potions
 d - 6 potions of might
 e - a potion of resistance
 h - 2 potions of mutation
 j - 3 potions of curing
 l - 3 potions of attraction
 m - 2 potions of magic
 r - 3 potions of haste
 C - 2 potions of lignification
 G - a potion of enlightenment

Dungeon Overview and Level Annotations

Branches:
Dungeon (15/15)            Temple (1/1) D:5            Lair (5/5) D:8
 Shoals (0/4) Lair:2       Spider (0/4) Lair:2        Slime (0/5) Lair:4
    Orc (2/2) D:9             Elf (0/3) Orc:2        Vaults (0/5) D:14
 Depths (0/4) D:15        Gauntlet (visited)

Altars:
Ashenzari
Cheibriados
Dithmenos
Elyvilon
Fedhas
Gozag
Hepliaklqana
Kikubaaqudgha
Makhleb
Nemelex Xobeh
Okawaru
Qazlal
Ru
Sif Muna
Trog
Uskayaw
Vehumet
Wu Jian
Xom
Yredelemnul
Zin
The Shining One
Jiyva

Shops:
D:14 (

Portals:
Hell: Lair:5

Annotations:
D:2 1 runed translucent door, Crazy Yiuf
D:9 2 transporters, exclusion: orange crystal statue


Message History

The orc high priest is severely wounded.
You slice the rust devil!!
The orc high priest calls down the wrath of Beogh upon you.
Beogh smites you!
The orc high priest invokes the aid of Beogh against you.
Beogh smites you!
An orc knight comes into view. It is wielding a +2 great sword.
The orc knight roars a battlecry!
The rust devil hits you. The rust devil corrodes you!
You block the red devil's attack.
You barely miss the rust devil.
The rust devil is almost dead.
You slice the orc knight!! You slice the orc high priest!!
You kill the orc high priest!
Okawaru accepts your kill.
The rust devil disappears in a puff of smoke!
The red devil disappears in a puff of smoke!
The orc knight hits you with a +0 long sword!!
The orc knight shoots a bolt.
You block the bolt.
You have reached level 16!
You feel stronger.
23791 ||| READING 5 scrolls of teleportation.
As you read the scroll of teleportation, it crumbles to dust.
You feel strangely unstable. You block the rust devil's attack.
You block the orc knight's attack.
The orc wizard mumbles some strange words.
The orc wizard flickers and vanishes!
Deactivating autopickup; reactivate with Ctrl-A.
An orc high priest comes into view. It is wielding a +0 trident.
You carve the orc knight like a ham!!!
The orc knight is almost dead.
You closely miss the orc sorcerer. You carve the rust devil like a ham!!!
You kill the rust devil!
The rust devil disappears in a puff of smoke!
You feel like a meek peon again.
An orc wizard comes into view. It is wielding a +2 dagger of pain.
The orc sorcerer hits you with a +0 dagger!
You block the orc knight's attack.
The orc high priest mumbles some strange prayers to Beogh against you.
Beogh smites you!
You die...

#######.oo. #.........
#......oo #......4 #
#..4..o # #...oo# ###
#..o¤o## ..# ##..)@).#
.## #...)..## ##
##.#))..# ##.)))## ..
##....## ...###
#......###
##......######......##
.........##..))......#
....................####


You could see 3 orc knights, 2 orc high priests, an ice devil (summoned), a rust
devil (summoned), an orc sorcerer (strong), an orc warrior (strong), an orc
wizard (strong) and an orc (strong).

Vanquished Creatures
  Rupert (Lair:3)
  Roxanne (D:14)
  Louise (D:14)
  A stone giant (D:15)
  A minotaur (Gauntlet)
  A dire elephant (Lair:5)
  Snorg (Lair:4)
  A vault guard (D:13)
  Harold (D:9)
  7 hydras
  7 centaur warriors
  A hell beast (Lair:5)
  An ogre mage (D:15)
  3 boulder beetles
  2 two-headed ogres
  A tengu warrior (D:14)
  6 death yaks (Lair:4)
  An orc high priest (Orc:2)
  3 skysharks
  Nergalle (Orc:1)
  A fire crab (Lair:5)
  12 skeletal warriors
  2 deep trolls (D:15)
  4 wizards
  A lindwurm (Lair:2)
  2 ugly things
  A deep elf pyromancer (D:15)
  4 orc knights
  A manticore (D:15)
  4 orc sorcerers
  2 oklob plants
  5 cyclopes
  4 elephants (Lair:5)
  7 centaur zombies (D:10)
  A torpor snail (Lair:2)
  6 black mambas
  Maggie (Lair:2)
  3 orange demons (Lair:5)
  16 cane toads
  An efreet (D:15)
  An unseen horror (D:12)
  A komodo dragon (shapeshifter) (D:15)
  6 rime drakes
  An unseen horror zombie (D:10)
  A freezing wraith (D:15)
  6 komodo dragons
  2 ice devils (Lair:5)
  A red devil (Lair:5)
  A hellwing (Lair:5)
  14 trolls
  A polar bear (Lair:4)
  4 meliai
  4 hornets
  Prince Ribbit (D:5)
  6 blink frogs
  A snapping turtle (shapeshifter) (D:15)
  Sigmund (D:2)
  A vampire (D:12)
  5 water elementals (D:13)
  6 flying skulls (Gauntlet)
  4 shadows (Gauntlet)
  A wraith (D:12)
  35 yaks
  9 wyverns
  5 basilisks
  A steam dragon (D:8)
  9 vampire mosquitoes
  4 wargs
  2 acid dragons
  13 water moccasins
  4 hell hounds (Lair:5)
  Duvessa (D:7)
  21 orc warriors
  6 black bears
  9 ogres
  11 wolves
  A tengu (shapeshifter) (D:14)
  16 centaurs
  Blork the orc (D:5)
  6 kobold brigands
  10 bullfrogs
  4 gnoll sergeants
  A scorpion (D:6)
  16 wights
  Dowan (D:7)
  8 killer bees
  8 electric eels
  3 howler monkeys
  2 jellies
  A hound (D:6)
  16 orc priests
  2 gnoll boudas (D:5)
  3 iguanas
  18 orc wizards
  6 hell rats (Lair:3)
  2 howler monkey zombies (D:10)
  Robin (D:2)
  22 gnolls
  9 adders
  2 shadow imps
  7 white imps
  An ufetubus (D:5)
  2 worms
  2 dart slugs
  60 orcs
  8 endoplasms
  3 giant cockroaches (D:4)
  15 goblins
  7 hobgoblins
  3 jackals (D:2)
  20 kobolds
  4 quokkas
  2 training dummies (D:14)
  9 ball pythons
  A bat (D:2)
  A frilled lizard (D:3)
  4 rats
627 creatures vanquished.

Vanquished Creatures (others)
  A yak (Lair:5)
1 creature vanquished.

Grand Total: 628 creatures vanquished

Notes
Turn   | Place    | Note
-------+----------+-------------------------------------------
     0 | D:1      | qw the Gargoyle Fighter began the quest for the Orb.
     0 | D:1      | Reached XP level 1. HP: 14/14 MP: 1/1
     0 | D:1      | 0 ||| qw: Version: 0.3-a-35-g05ef00e
     0 | D:1      | 0 ||| qw: Game counter: 7792
     0 | D:1      | 0 ||| qw: Melee chars always use a shield: true
     0 | D:1      | 0 ||| qw: God list: Okawaru
     0 | D:1      | 0 ||| qw: Allow faded altars: false
     0 | D:1      | 0 ||| qw: Do Orc after clearing Dungeon:15 true
     0 | D:1      | 0 ||| qw: Do second Lair branch before Depths: true
     0 | D:1      | 0 ||| qw: Lair rune preference: random
     0 | D:1      | 0 ||| qw: Goals: Normal, Zot:1-4, Slime:5, God:TSO, Crypt,
                  | Tomb, Abyss, Pan, Hells, Win
     0 | D:1      | 0 ||| PLANNING D:1-11
    49 | D:1      | Reached skill level 2 in Axes
    79 | D:1      | 79 ||| Stepping ~*~*~tactically~*~*~ (hiding).
   112 | D:1      | 112 ||| Stepping ~*~*~tactically~*~*~ (stealth).
   256 | D:1      | Reached XP level 2. HP: 19/19 MP: 2/2
   354 | D:1      | 354 ||| Stepping ~*~*~tactically~*~*~ (hiding).
   982 | D:1      | 982 ||| READING 2 scrolls labelled ROKEPO ANECEKH.
   985 | D:1      | 985 ||| READING scroll labelled QIYNKU SY ZOE.
  1018 | D:2      | 1018 ||| Stepping ~*~*~tactically~*~*~ (stealth).
  1025 | D:2      | Reached skill level 3 in Axes
  1036 | D:2      | 1036 ||| Stepping ~*~*~tactically~*~*~ (hiding).
  1037 | D:2      | 1037 ||| Stepping ~*~*~tactically~*~*~ (hiding).
  1040 | D:2      | Reached XP level 3. HP: 23/23 MP: 3/3
  1061 | D:2      | Noticed Robin
  1062 | D:2      | 1062 ||| Stepping ~*~*~tactically~*~*~ (stealth).
  1064 | D:2      | 1064 ||| Stepping ~*~*~tactically~*~*~ (hiding).
  1066 | D:2      | 1066 ||| Stepping ~*~*~tactically~*~*~ (hiding).
  1073 | D:2      | Killed Robin
  1076 | D:2      | Reached XP level 4. HP: 22/28 MP: 4/4
  1120 | D:2      | Found a faded altar of an unknown god.
  1244 | D:2      | Noticed Sigmund
  1252 | D:2      | Killed Sigmund
  1253 | D:2      | Reached skill level 5 in Axes
  1253 | D:2      | Reached XP level 5. HP: 29/32 MP: 5/5
  1288 | D:2      | 1288 ||| DROPPING +0 club.
  1302 | D:2      | Reached XP level 6. HP: 34/37 MP: 6/6
  1599 | D:2      | Found a runed translucent door.
  1600 | D:2      | Noticed Crazy Yiuf
  1850 | D:2      | 1850 ||| UPGRADING to +0 chain mail.
  1860 | D:2      | 1860 ||| DROPPING +0 scale mail.
  1861 | D:2      | 1861 ||| READING 2 scrolls labelled IRRONA TIZ RUC.
  1862 | D:2      | 1862 ||| DROPPING scroll of immolation.
  2115 | D:3      | 2115 ||| Stepping ~*~*~tactically~*~*~ (stealth).
  2764 | D:3      | 2764 ||| READING scroll labelled VILYSO HOV YDA.
  2765 | D:3      | 2765 ||| READING scroll labelled COUMUV AQEA.
  2866 | D:3      | 2866 ||| READING scroll labelled MOKKOJ KAASSIORGH.
  2888 | D:4      | 2888 ||| STAIRDANCE
  3034 | D:4      | 3034 ||| Stepping ~*~*~tactically~*~*~ (hiding).
  3036 | D:4      | 3036 ||| Stepping ~*~*~tactically~*~*~ (hiding).
  3038 | D:4      | 3038 ||| Stepping ~*~*~tactically~*~*~ (hiding).
  3041 | D:4      | 3041 ||| Stepping ~*~*~tactically~*~*~ (hiding).
  3277 | D:4      | Reached skill level 6 in Axes
  3285 | D:4      | Found a shadowy altar of Dithmenos.
  3300 | D:4      | 3300 ||| Stepping ~*~*~tactically~*~*~ (hiding).
  3301 | D:4      | 3301 ||| Stepping ~*~*~tactically~*~*~ (hiding).
  3355 | D:4      | 3355 ||| Stepping ~*~*~tactically~*~*~ (stealth).
  3450 | D:4      | 3450 ||| Stepping ~*~*~tactically~*~*~ (stealth).
  3451 | D:4      | 3451 ||| Stepping ~*~*~tactically~*~*~ (stealth).
  3460 | D:4      | 3460 ||| Stepping ~*~*~tactically~*~*~ (stealth).
  3461 | D:4      | 3461 ||| Stepping ~*~*~tactically~*~*~ (stealth).
  3469 | D:4      | 3469 ||| Stepping ~*~*~tactically~*~*~ (stealth).
  3470 | D:4      | 3470 ||| Stepping ~*~*~tactically~*~*~ (stealth).
  3496 | D:4      | Reached skill level 1 in Dodging
  3507 | D:4      | 3507 ||| Stepping ~*~*~tactically~*~*~ (stealth).
  3656 | D:4      | 3656 ||| Stepping ~*~*~tactically~*~*~ (hiding).
  3657 | D:4      | 3657 ||| Stepping ~*~*~tactically~*~*~ (hiding).
  3876 | D:4      | 3876 ||| UPGRADING to ring of positive energy.
  3877 | D:4      | 3877 ||| READING scroll labelled WUKKIT LOEJY.
  3878 | D:4      | 3878 ||| READING scroll labelled KYXA ZEAGH.
  3879 | D:4      | 3879 ||| READING scroll labelled DUAGAAPSAFE.
  3880 | D:4      | 3880 ||| READING scroll labelled WOHUGE GECOIRUPH.
  3881 | D:4      | 3881 ||| READING scroll labelled YCERCH IKOJORPH.
  3881 | D:4      | Identified a scroll of acquirement
  3881 | D:4      | 3881 ||| ACQUIRING +9 broad axe of Quantum Leap {heavy,
                  | Will++ Str+4}
  3881 | D:4      | Acquired the +9 broad axe of Quantum Leap {heavy, Will++
                  | Str+4}
  3883 | D:4      | 3883 ||| SWAPPING to +9 broad axe of Quantum Leap {heavy,
                  | Will++ Str+4}.
  3884 | D:4      | 3884 ||| READING scroll labelled BAXAUD BYLAOW.
  3885 | D:4      | 3885 ||| READING 3 scrolls of identify.
  3885 | D:4      | 3885 ||| IDENTIFYING puce potion
  3886 | D:4      | 3886 ||| READING 2 scrolls of identify.
  3886 | D:4      | 3886 ||| IDENTIFYING green potion
  3910 | D:5      | Entered Level 5 of the Dungeon
  3986 | D:5      | Reached XP level 7. HP: 37/43 MP: 7/7
  3994 | D:5      | Noticed Prince Ribbit
  4001 | D:5      | Killed Prince Ribbit
  4002 | D:5      | Reached skill level 7 in Axes
  4054 | D:5      | 4054 ||| Stepping ~*~*~tactically~*~*~ (hiding).
  4056 | D:5      | 4056 ||| Stepping ~*~*~tactically~*~*~ (hiding).
  4057 | D:5      | 4057 ||| Stepping ~*~*~tactically~*~*~ (hiding).
  4167 | D:5      | Found a broken altar of Ashenzari.
  4226 | D:5      | Noticed Blork the orc
  4235 | D:5      | HP: 11/44 [Blork the orc/+0 battleaxe of venom (1)]
  4236 | D:5      | 4236 ||| READING scroll of teleportation.
  4238 | D:5      | Killed Blork the orc
  4239 | D:5      | Reached XP level 8. HP: 8/49 MP: 8/8
  4463 | D:5      | 4463 ||| Stepping ~*~*~tactically~*~*~ (hiding).
  4465 | D:5      | 4465 ||| Stepping ~*~*~tactically~*~*~ (hiding).
  4670 | D:5      | Found a staircase to the Ecumenical Temple.
  4671 | D:5      | 4671 ||| PLANNING TEMPLE
  4671 | D:5      | 4671 ||| DRINKING 2 golden potions.
  4672 | D:5      | 4672 ||| READING 4 scrolls of identify.
  4672 | D:5      | 4672 ||| IDENTIFYING viscous black potion
  4673 | D:5      | 4673 ||| READING 3 scrolls of identify.
  4673 | D:5      | 4673 ||| IDENTIFYING amethyst potion
  4674 | D:5      | 4674 ||| READING 2 scrolls of identify.
  4674 | D:5      | 4674 ||| IDENTIFYING fuming red potion
  4680 | Temple   | Entered the Ecumenical Temple
  4682 | Temple   | 4682 ||| PLANNING OKAWARU WORSHIP
  4700 | Temple   | Became a worshipper of Warmaster Okawaru
  4701 | Temple   | 4701 ||| PLANNING D:1-11
  4803 | D:6      | Reached skill level 8 in Axes
  4829 | D:6      | 4829 ||| Stepping ~*~*~tactically~*~*~ (stealth).
  4868 | D:6      | Identified the +0 ring mail of Perfidy {rElec}
  4900 | D:6      | 4900 ||| Stepping ~*~*~tactically~*~*~ (hiding).
  4901 | D:6      | 4901 ||| Stepping ~*~*~tactically~*~*~ (hiding).
  5078 | D:6      | Reached skill level 6 in Fighting
  5208 | D:6      | Reached skill level 1 in Throwing
  5232 | D:6      | Reached * piety under Okawaru
  5586 | D:6      | 5586 ||| DROPPING +0 ring mail of Perfidy {rElec}.
  5587 | D:6      | 5587 ||| UPGRADING to +6 ring of strength.
  5588 | D:6      | 5588 ||| READING scroll labelled GAIWOL PIMUNG.
  5613 | D:7      | Found a bloodstained altar of Trog.
  5614 | D:7      | 5614 ||| INVOKING Heroism.
  5622 | D:7      | Reached skill level 1 in Invocations
  5622 | D:7      | 5622 ||| STAIRDANCE
  5664 | D:7      | Noticed a wyvern
  5669 | D:7      | Reached skill level 9 in Axes
  5669 | D:7      | Reached XP level 9. HP: 51/55 MP: 8/10
  5716 | D:7      | 5716 ||| Stepping ~*~*~tactically~*~*~ (hiding).
  5717 | D:7      | 5717 ||| Stepping ~*~*~tactically~*~*~ (hiding).
  5718 | D:7      | 5718 ||| Stepping ~*~*~tactically~*~*~ (hiding).
  5722 | D:7      | Reached skill level 3 in Invocations
  5742 | D:7      | Noticed Duvessa
  5743 | D:7      | 5743 ||| INVOKING Heroism.
  5743 | D:7      | Noticed Dowan
  5744 | D:7      | 5744 ||| Stepping ~*~*~tactically~*~*~ (stealth).
  5749 | D:7      | Killed Duvessa
  5755 | D:7      | 5755 ||| INVOKING Heroism.
  5756 | D:7      | Killed Dowan
  5915 | D:7      | 5915 ||| INVOKING Heroism.
  5954 | D:7      | 5954 ||| Stepping ~*~*~tactically~*~*~ (hiding).
  5996 | D:7      | 5996 ||| INVOKING Heroism.
  6243 | D:7      | 6243 ||| READING 3 scrolls of identify.
  6243 | D:7      | 6243 ||| IDENTIFYING viscous dark potion
  6276 | D:8      | 6276 ||| Stepping ~*~*~tactically~*~*~ (stealth).
  6278 | D:8      | 6278 ||| Stepping ~*~*~tactically~*~*~ (hiding).
  6286 | D:8      | 6286 ||| STAIRDANCE
  6351 | D:8      | 6351 ||| STAIRDANCE
  6408 | D:8      | 6408 ||| Stepping ~*~*~tactically~*~*~ (stealth).
  6431 | D:8      | 6431 ||| FLEEEEING.
  6432 | D:8      | 6432 ||| STAIRDANCE
  6459 | D:8      | 6459 ||| STAIRDANCE
  6505 | D:8      | 6505 ||| STAIRDANCE
  6507 | D:7      | 6507 ||| INVOKING Heroism.
  6630 | D:8      | Reached skill level 10 in Axes
  6637 | D:8      | 6637 ||| STAIRDANCE
  6639 | D:7      | 6639 ||| INVOKING Heroism.
  6752 | D:8      | Reached XP level 10. HP: 63/64 MP: 13/13
  6768 | D:8      | Found a staircase to the Lair.
  6779 | D:8      | 6779 ||| INVOKING Heroism.
  6780 | D:8      | Reached ** piety under Okawaru
  7249 | D:8      | 7249 ||| INVOKING Heroism.
  7255 | D:8      | 7255 ||| Stepping ~*~*~tactically~*~*~ (stealth).
  7261 | D:8      | 7261 ||| Stepping ~*~*~tactically~*~*~ (stealth).
  7262 | D:8      | 7262 ||| Stepping ~*~*~tactically~*~*~ (stealth).
  7278 | D:8      | 7278 ||| Stepping ~*~*~tactically~*~*~ (stealth).
  7283 | D:8      | 7283 ||| INVOKING Heroism.
  7455 | D:8      | 7455 ||| PLANNING LAIR
  7484 | Lair:1   | Entered Level 1 of the Lair of Beasts
  7484 | Lair:1   | Noticed a black mamba
  7485 | Lair:1   | 7485 ||| PLANNING GAUNTLET
  7485 | Lair:1   | 7485 ||| INVOKING Heroism.
  7488 | Lair:1   | Killed a black mamba
  7631 | Lair:1   | 7631 ||| Stepping ~*~*~tactically~*~*~ (stealth).
  7633 | Lair:1   | 7633 ||| Stepping ~*~*~tactically~*~*~ (stealth).
  7640 | Lair:1   | Reached skill level 11 in Axes
  7654 | Lair:1   | Reached skill level 9 in Fighting
  7714 | Lair:1   | 7714 ||| INVOKING Heroism.
  7791 | Lair:1   | 7791 ||| Stepping ~*~*~tactically~*~*~ (stealth).
  7793 | Lair:1   | Found a gate leading to a gauntlet.
  7795 | Lair:1   | 7795 ||| UPGRADING to +4 ring of slaying {mikee}.
  7797 | Lair:1   | 7797 ||| DROPPING ring of positive energy.
  7805 | Gauntlet | Entered a Gauntlet
  7805 | Gauntlet | Found a transporter.
  7812 | Gauntlet | Found a transporter.
  7815 | Gauntlet | Found a transporter.
  7828 | Gauntlet | Found a transporter.
  7829 | Gauntlet | Found a transporter.
  7844 | Gauntlet | Found a transporter.
  7857 | Gauntlet | Found a transporter.
  7858 | Gauntlet | Noticed a large abomination
  7861 | Gauntlet | Found a transporter.
  7872 | Gauntlet | Found a transporter.
  7875 | Gauntlet | Noticed a hellion
  7882 | Gauntlet | Noticed a death drake
  7885 | Gauntlet | Noticed a spectral centaur warrior
  7886 | Gauntlet | Found a transporter.
  7895 | Gauntlet | Found a transporter.
  7895 | Gauntlet | Found a transporter.
  7897 | Gauntlet | Found a transporter.
  7934 | Gauntlet | Found a transporter.
  8009 | Gauntlet | Reached *** piety under Okawaru
  8014 | Gauntlet | 8014 ||| INVOKING Heroism.
  8017 | Gauntlet | Reached XP level 11. HP: 29/71 MP: 11/14
  8189 | Gauntlet | Reached skill level 12 in Axes
  8192 | Gauntlet | 8192 ||| INVOKING Heroism.
  8354 | Gauntlet | Reached skill level 6 in Shields
  8397 | Gauntlet | Identified the +2 helmet of the Hidden Xeniums {+Blink
                  | Str+6 Int-5 Stlth+}
  8432 | Gauntlet | Identified the staff "Pikhlyhio" {Drain rElec Int+2 Dex+4
                  | Air}
  8432 | Gauntlet | Noticed a minotaur
  8433 | Gauntlet | 8433 ||| Stepping ~*~*~tactically~*~*~ (hiding).
  8435 | Gauntlet | 8435 ||| INVOKING Heroism.
  8441 | Gauntlet | Killed a minotaur
  8554 | Gauntlet | Identified the +0 leather armour of Disappointment {rF-
                  | Slay+6}
  8584 | Gauntlet | 8584 ||| UPGRADING to +0 plate armour.
  8594 | Gauntlet | 8594 ||| DROPPING +0 chain mail.
  8595 | Gauntlet | 8595 ||| UPGRADING to +1 buckler of reflection.
  8605 | Gauntlet | 8605 ||| DROPPING +0 buckler.
  8606 | Gauntlet | 8606 ||| DROPPING orb of wrath.
  8607 | Gauntlet | 8607 ||| READING scroll of enchant armour.
  8607 | Gauntlet | 8607 ||| ENCHANTING +0 plate armour.
  8622 | Lair:1   | 8622 ||| PLANNING LAIR
  8690 | Lair:1   | 8690 ||| INVOKING Heroism.
  8767 | Lair:1   | 8767 ||| Stepping ~*~*~tactically~*~*~ (stealth).
  8769 | Lair:1   | 8769 ||| Stepping ~*~*~tactically~*~*~ (stealth).
  8770 | Lair:1   | 8770 ||| Stepping ~*~*~tactically~*~*~ (stealth).
  8778 | Lair:1   | 8778 ||| INVOKING Heroism.
  8784 | Lair:1   | Reached **** piety under Okawaru
  8785 | Lair:1   | Reached skill level 3 in Throwing
  9139 | Lair:2   | 9139 ||| INVOKING Heroism.
  9145 | Lair:2   | Reached skill level 6 in Armour
  9256 | Lair:2   | 9256 ||| INVOKING Heroism.
  9267 | Lair:2   | HP: 18/72 [torpor snail (2)]
  9268 | Lair:2   | 9268 ||| READING 3 scrolls of teleportation.
  9477 | Lair:2   | Noticed a lindwurm
  9478 | Lair:2   | 9478 ||| INVOKING Heroism.
  9482 | Lair:2   | Killed a lindwurm
  9590 | Lair:2   | Reached skill level 6 in Invocations
  9616 | Lair:2   | Noticed a skyshark
  9617 | Lair:2   | 9617 ||| Stepping ~*~*~tactically~*~*~ (stealth).
  9624 | Lair:2   | 9624 ||| INVOKING Heroism.
  9627 | Lair:2   | Killed a skyshark
  9627 | Lair:2   | Received a gift from Okawaru
  9628 | Lair:2   | Reached XP level 12. HP: 54/77 MP: 13/16
  9628 | Lair:2   | Noticed a seven-headed hydra
  9632 | Lair:2   | 9632 ||| SWAPPING to +0 flail.
  9638 | Lair:2   | Killed a seven-headed hydra
  9639 | Lair:2   | 9639 ||| SWAPPING to +9 broad axe of Quantum Leap {heavy,
                  | Will++ Str+4}.
  9665 | Lair:2   | 9665 ||| Stepping ~*~*~tactically~*~*~ (stealth).
  9666 | Lair:2   | 9666 ||| Stepping ~*~*~tactically~*~*~ (stealth).
  9667 | Lair:2   | 9667 ||| Stepping ~*~*~tactically~*~*~ (stealth).
  9668 | Lair:2   | HP: 19/77 [black mamba (11)]
  9669 | Lair:2   | 9669 ||| READING 2 scrolls of teleportation.
  9670 | Lair:2   | 9670 ||| DRINKING 4 potions of heal wounds.
  9671 | Lair:2   | 9671 ||| INVOKING Heroism.
  9671 | Lair:2   | Found a hole to the Spider Nest.
  9847 | Lair:2   | Noticed a skyshark
  9852 | Lair:2   | Killed a skyshark
  9853 | Lair:2   | Noticed a boulder beetle
  9854 | Lair:2   | 9854 ||| INVOKING Heroism.
  9863 | Lair:2   | Killed a boulder beetle
  9910 | Lair:2   | 9910 ||| INVOKING Heroism.
  9911 | Lair:2   | 9911 ||| Stepping ~*~*~tactically~*~*~ (stealth).
  9936 | Lair:2   | Noticed Maggie
  9937 | Lair:2   | 9937 ||| Stepping ~*~*~tactically~*~*~ (hiding).
  9945 | Lair:2   | Killed Maggie
  9954 | Lair:2   | Reached ***** piety under Okawaru
 10199 | Lair:2   | 10199 ||| Stepping ~*~*~tactically~*~*~ (stealth).
 10374 | Lair:2   | Found a staircase to the Shoals.
 10386 | Lair:2   | Received a gift from Okawaru
 10648 | Lair:2   | 10648 ||| UPGRADING to +5 ring of evasion.
 10650 | Lair:2   | 10650 ||| DROPPING +4 ring of slaying {mikee}.
 10651 | Lair:2   | 10651 ||| READING scroll labelled ORIAMO MOON.
 10652 | Lair:2   | 10652 ||| READING 3 scrolls of identify.
 10652 | Lair:2   | 10652 ||| IDENTIFYING murky orange potion
 10747 | Lair:3   | 10747 ||| Stepping ~*~*~tactically~*~*~ (stealth).
 10748 | Lair:3   | 10748 ||| Stepping ~*~*~tactically~*~*~ (stealth).
 10750 | Lair:3   | 10750 ||| INVOKING Heroism.
 10751 | Lair:3   | 10751 ||| Stepping ~*~*~tactically~*~*~ (stealth).
 10769 | Lair:3   | Reached skill level 9 in Invocations
 10801 | Lair:3   | 10801 ||| Stepping ~*~*~tactically~*~*~ (stealth).
 10803 | Lair:3   | Received a gift from Okawaru
 10807 | Lair:3   | Noticed Rupert
 10808 | Lair:3   | 10808 ||| INVOKING Heroism.
 10809 | Lair:3   | 10809 ||| INVOKING Finesse.
 10822 | Lair:3   | Killed Rupert
 10823 | Lair:3   | Reached skill level 13 in Axes
 10882 | Lair:3   | 10882 ||| INVOKING Heroism.
 10912 | Lair:3   | 10912 ||| Stepping ~*~*~tactically~*~*~ (stealth).
 10953 | Lair:3   | 10953 ||| FLEEEEING.
 10954 | Lair:3   | 10954 ||| FLEEEEING.
 10955 | Lair:3   | 10955 ||| FLEEEEING.
 10956 | Lair:3   | 10956 ||| FLEEEEING.
 11006 | Lair:3   | 11006 ||| INVOKING Heroism.
 11007 | Lair:3   | 11007 ||| INVOKING Finesse.
 11097 | Lair:3   | 11097 ||| Stepping ~*~*~tactically~*~*~ (stealth).
 11103 | Lair:3   | Reached XP level 13. HP: 82/82 MP: 20/20
 11830 | Lair:4   | Found a staircase to the Slime Pits.
 11830 | Lair:4   | Found a viscous altar of Jiyva.
 11929 | Lair:4   | 11929 ||| INVOKING Heroism.
 11930 | Lair:4   | 11930 ||| INVOKING Finesse.
 11947 | Lair:4   | Reached skill level 14 in Axes
 12345 | Lair:4   | 12345 ||| DROPPING amulet of guardian spirit.
 12346 | Lair:4   | 12346 ||| DROPPING ring of flight.
 12347 | Lair:4   | 12347 ||| DRINKING 2 fizzy brown potions.
 12348 | Lair:4   | 12348 ||| DROPPING potion of degeneration.
 12359 | Lair:5   | Entered Level 5 of the Lair of Beasts
 12372 | Lair:5   | 12372 ||| INVOKING Heroism.
 12373 | Lair:5   | 12373 ||| Stepping ~*~*~tactically~*~*~ (stealth).
 12399 | Lair:5   | HP: 11/84 [fire crab] (27)]
 12400 | Lair:5   | 12400 ||| READING 2 scrolls of teleportation.
 12401 | Lair:5   | 12401 ||| DRINKING 3 potions of heal wounds.
 12404 | Lair:5   | Noticed Snorg
 12405 | Lair:5   | 12405 ||| FLEEEEING.
 12406 | Lair:5   | 12406 ||| FLEEEEING.
 12407 | Lair:5   | 12407 ||| FLEEEEING.
 12408 | Lair:5   | 12408 ||| FLEEEEING.
 12409 | Lair:5   | 12409 ||| FLEEEEING.
 12410 | Lair:5   | 12410 ||| FLEEEEING.
 12411 | Lair:5   | 12411 ||| STAIRDANCE
 12572 | Lair:5   | 12572 ||| STAIRDANCE
 12574 | Lair:4   | 12574 ||| INVOKING Heroism.
 12575 | Lair:4   | 12575 ||| INVOKING Finesse.
 12577 | Lair:4   | HP: 13/84 [Snorg (12)]
 12578 | Lair:4   | 12578 ||| READING scroll of teleportation.
 12578 | Lair:4   | HP: 4/84 [Snorg (9)]
 12579 | Lair:4   | 12579 ||| DRINKING 2 potions of heal wounds.
 12580 | Lair:4   | Killed Snorg
 12580 | Lair:4   | Received a gift from Okawaru
 12581 | Lair:4   | Reached skill level 9 in Armour
 12792 | Lair:5   | 12792 ||| Stepping ~*~*~tactically~*~*~ (stealth).
 12887 | Lair:5   | 12887 ||| READING scroll of acquirement.
 12887 | Lair:5   | 12887 ||| ACQUIRING +1 broad axe of electrocution
 12887 | Lair:5   | Acquired a +1 broad axe of electrocution
 12889 | Lair:5   | 12889 ||| DROPPING +0 war axe of freezing.
 12956 | Lair:5   | 12956 ||| INVOKING Heroism.
 12957 | Lair:5   | 12957 ||| INVOKING Finesse.
 12973 | Lair:5   | 12973 ||| DRINKING potion of cancellation.
 13158 | Lair:5   | 13158 ||| Stepping ~*~*~tactically~*~*~ (hiding).
 13211 | Lair:5   | 13211 ||| READING scroll of enchant armour.
 13211 | Lair:5   | 13211 ||| ENCHANTING +1 plate armour.
 13306 | Lair:5   | Received a gift from Okawaru
 13311 | Lair:5   | 13311 ||| INVOKING Heroism.
 13312 | Lair:5   | 13312 ||| SWAPPING to +0 flail.
 13313 | Lair:5   | 13313 ||| INVOKING Finesse.
 13338 | Lair:5   | 13338 ||| SWAPPING to +9 broad axe of Quantum Leap {heavy,
                  | Will++ Str+4}.
 13344 | Lair:5   | 13344 ||| Stepping ~*~*~tactically~*~*~ (stealth).
 13347 | Lair:5   | 13347 ||| Stepping ~*~*~tactically~*~*~ (stealth).
 13368 | Lair:5   | 13368 ||| Stepping ~*~*~tactically~*~*~ (stealth).
 13371 | Lair:5   | 13371 ||| INVOKING Heroism.
 13519 | Lair:5   | 13519 ||| Stepping ~*~*~tactically~*~*~ (stealth).
 13521 | Lair:5   | 13521 ||| INVOKING Heroism.
 13524 | Lair:5   | 13524 ||| SWAPPING to +0 flail.
 13529 | Lair:5   | Gained mutation: Your large and strong wings let you fly.
                  | [Gargoyle growth]
 13529 | Lair:5   | Reached XP level 14. HP: 91/91 MP: 19/21
 13539 | Lair:5   | 13539 ||| SWAPPING to +9 broad axe of Quantum Leap {heavy,
                  | Will++ Str+4}.
 13689 | Lair:5   | Noticed a dire elephant
 13690 | Lair:5   | 13690 ||| INVOKING Heroism.
 13696 | Lair:5   | Killed a dire elephant
 13696 | Lair:5   | Received a gift from Okawaru
 13697 | Lair:5   | Reached skill level 6 in Throwing
 13743 | Lair:5   | 13743 ||| Stepping ~*~*~tactically~*~*~ (hiding).
 13744 | Lair:5   | 13744 ||| Stepping ~*~*~tactically~*~*~ (hiding).
 13745 | Lair:5   | 13745 ||| Stepping ~*~*~tactically~*~*~ (hiding).
 13856 | Lair:5   | Found a burning altar of Makhleb.
 13857 | Lair:5   | 13857 ||| Stepping ~*~*~tactically~*~*~ (hiding).
 13859 | Lair:5   | 13859 ||| Stepping ~*~*~tactically~*~*~ (hiding).
 13870 | Lair:5   | 13870 ||| INVOKING Heroism.
 13880 | Lair:5   | Received a gift from Okawaru
 13882 | Lair:5   | Reached skill level 15 in Axes
 13891 | Lair:5   | Found a gateway to Hell.
 14171 | Lair:5   | 14171 ||| INVOKING Heroism.
 14175 | Lair:5   | 14175 ||| SWAPPING to +0 flail.
 14178 | Lair:5   | Reached skill level 12 in Fighting
 14178 | Lair:5   | 14178 ||| SWAPPING to +9 broad axe of Quantum Leap {heavy,
                  | Will++ Str+4}.
 14282 | Lair:5   | 14282 ||| PLANNING D:1-11
 14282 | Lair:5   | 14282 ||| READING scroll labelled VOCHUA NIKYTO.
 14283 | Lair:5   | 14283 ||| DRINKING 2 sedimented inky potions.
 14388 | Lair:5   | 14388 ||| READING 9 scrolls of identify.
 14388 | Lair:5   | 14388 ||| IDENTIFYING fizzy golden potion
 14389 | Lair:5   | 14389 ||| DROPPING potion of invisibility.
 14390 | Lair:5   | 14390 ||| DROPPING potion of berserk rage.
 14561 | D:9      | Reached skill level 3 in Dodging
 14578 | D:9      | 14578 ||| INVOKING Heroism.
 14643 | D:9      | Found a transporter.
 14654 | D:9      | 14654 ||| Stepping ~*~*~tactically~*~*~ (stealth).
 14656 | D:9      | 14656 ||| Stepping ~*~*~tactically~*~*~ (hiding).
 14756 | D:9      | 14756 ||| Stepping ~*~*~tactically~*~*~ (hiding).
 14757 | D:9      | 14757 ||| Stepping ~*~*~tactically~*~*~ (hiding).
 14962 | D:9      | Noticed Harold
 14974 | D:9      | 14974 ||| INVOKING Heroism.
 14975 | D:9      | HP: 20/92 [Harold/+2 trident of distortion (6)]
 14976 | D:9      | 14976 ||| READING scroll of teleportation.
 14976 | D:9      | HP: 6/92 [troll (6)]
 14977 | D:9      | 14977 ||| DRINKING potion of heal wounds.
 14990 | D:9      | HP: 1/92 [Harold/harpoon shot (10)]
 14992 | D:9      | Killed Harold
 15176 | D:9      | 15176 ||| Stepping ~*~*~tactically~*~*~ (stealth).
 15181 | D:9      | 15181 ||| Stepping ~*~*~tactically~*~*~ (stealth).
 15182 | D:9      | 15182 ||| Stepping ~*~*~tactically~*~*~ (stealth).
 15190 | D:9      | 15190 ||| FLEEEEING.
 15274 | D:9      | 15274 ||| DROPPING +0 flail.
 15364 | D:9      | Found a staircase to the Orcish Mines.
 15385 | D:9      | 15385 ||| INVOKING Heroism.
 15517 | D:9      | 15517 ||| Stepping ~*~*~tactically~*~*~ (stealth).
 15521 | D:9      | 15521 ||| Stepping ~*~*~tactically~*~*~ (stealth).
 15532 | D:9      | 15532 ||| DROPPING +4 flail.
 15634 | D:9      | Found a transporter.
 15892 | D:9      | 15892 ||| DROPPING scarf of shadows.
 15913 | D:10     | Entered Level 10 of the Dungeon
 15918 | D:10     | Found a snail-covered altar of Cheibriados.
 15921 | D:10     | Found a hazy altar of Hepliaklqana.
 15935 | D:10     | 15935 ||| Stepping ~*~*~tactically~*~*~ (hiding).
 16039 | D:10     | 16039 ||| READING scroll of enchant armour.
 16039 | D:10     | 16039 ||| ENCHANTING +2 plate armour.
 16065 | D:10     | 16065 ||| Stepping ~*~*~tactically~*~*~ (stealth).
 16074 | D:10     | Found a basalt altar of Yredelemnul.
 16305 | D:10     | 16305 ||| Stepping ~*~*~tactically~*~*~ (stealth).
 16336 | D:10     | 16336 ||| Stepping ~*~*~tactically~*~*~ (stealth).
 16337 | D:10     | 16337 ||| Stepping ~*~*~tactically~*~*~ (stealth).
 16348 | D:10     | 16348 ||| Stepping ~*~*~tactically~*~*~ (stealth).
 16351 | D:10     | 16351 ||| Stepping ~*~*~tactically~*~*~ (stealth).
 16361 | D:10     | 16361 ||| Stepping ~*~*~tactically~*~*~ (hiding).
 16362 | D:10     | 16362 ||| Stepping ~*~*~tactically~*~*~ (hiding).
 16513 | D:10     | Found an opulent altar of Gozag.
 16717 | D:10     | 16717 ||| READING scroll labelled OXOENAGI HOBRE.
 16718 | D:10     | 16718 ||| DRINKING 2 emerald potions.
 16779 | D:11     | Received a gift from Okawaru
 16782 | D:11     | 16782 ||| FLEEEEING.
 16783 | D:11     | 16783 ||| FLEEEEING.
 16784 | D:11     | 16784 ||| FLEEEEING.
 16785 | D:11     | 16785 ||| FLEEEEING.
 16786 | D:11     | 16786 ||| FLEEEEING.
 16793 | D:11     | 16793 ||| STAIRDANCE
 16974 | D:11     | 16974 ||| Stepping ~*~*~tactically~*~*~ (hiding).
 16989 | D:11     | 16989 ||| Stepping ~*~*~tactically~*~*~ (hiding).
 16990 | D:11     | 16990 ||| Stepping ~*~*~tactically~*~*~ (hiding).
 16992 | D:11     | 16992 ||| Stepping ~*~*~tactically~*~*~ (hiding).
 17351 | D:11     | 17351 ||| INVOKING Heroism.
 17354 | D:11     | Reached skill level 16 in Axes
 17573 | D:11     | 17573 ||| PLANNING D
 17631 | D:12     | 17631 ||| INVOKING Heroism.
 17634 | D:12     | 17634 ||| Stepping ~*~*~tactically~*~*~ (stealth).
 17728 | D:12     | 17728 ||| INVOKING Heroism.
 17803 | D:12     | Found a frozen archway.
 17905 | D:12     | 17905 ||| Stepping ~*~*~tactically~*~*~ (stealth).
 17928 | D:12     | 17928 ||| FLEEEEING.
 17929 | D:12     | 17929 ||| FLEEEEING.
 17930 | D:12     | 17930 ||| FLEEEEING.
 17931 | D:12     | 17931 ||| FLEEEEING.
 17932 | D:12     | 17932 ||| FLEEEEING.
 17933 | D:12     | 17933 ||| FLEEEEING.
 17934 | D:12     | 17934 ||| FLEEEEING.
 17937 | D:12     | 17937 ||| FLEEEEING.
 17938 | D:12     | 17938 ||| FLEEEEING.
 17939 | D:12     | 17939 ||| FLEEEEING.
 17940 | D:12     | 17940 ||| FLEEEEING.
 17941 | D:12     | 17941 ||| FLEEEEING.
 17942 | D:12     | 17942 ||| FLEEEEING.
 17943 | D:12     | 17943 ||| FLEEEEING.
 17944 | D:12     | 17944 ||| FLEEEEING.
 17945 | D:12     | 17945 ||| FLEEEEING.
 17946 | D:12     | 17946 ||| FLEEEEING.
 17947 | D:12     | 17947 ||| FLEEEEING.
 17948 | D:12     | 17948 ||| FLEEEEING.
 17949 | D:12     | 17949 ||| FLEEEEING.
 17950 | D:12     | 17950 ||| FLEEEEING.
 17955 | D:12     | Received a gift from Okawaru
 18288 | D:12     | Found an iron altar of Okawaru.
 18330 | D:12     | 18330 ||| INVOKING Heroism.
 18649 | D:12     | 18649 ||| READING 10 scrolls of identify.
 18649 | D:12     | 18649 ||| IDENTIFYING coppery potion
 18650 | D:12     | 18650 ||| DROPPING potion of brilliance.
 18726 | D:13     | 18726 ||| Stepping ~*~*~tactically~*~*~ (hiding).
 18727 | D:13     | 18727 ||| INVOKING Heroism.
 18885 | D:13     | 18885 ||| INVOKING Heroism.
 18889 | D:13     | 18889 ||| SWAPPING to +5 flail.
 18896 | D:13     | 18896 ||| SWAPPING to +9 broad axe of Quantum Leap {heavy,
                  | Will++ Str+4}.
 19055 | D:13     | 19055 ||| FLEEEEING.
 19056 | D:13     | 19056 ||| FLEEEEING.
 19318 | D:13     | 19318 ||| INVOKING Heroism.
 19335 | D:13     | Reached XP level 15. HP: 50/96 MP: 22/22
 19338 | D:13     | HP: 24/96 [skeletal warrior/+0 halberd (20)]
 19339 | D:13     | 19339 ||| READING 5 scrolls of teleportation.
 19340 | D:13     | 19340 ||| DRINKING potion of heal wounds.
 19607 | D:13     | 19607 ||| INVOKING Heroism.
 19773 | D:13     | 19773 ||| INVOKING Heroism.
 19893 | D:13     | 19893 ||| Stepping ~*~*~tactically~*~*~ (stealth).
 19894 | D:13     | 19894 ||| Stepping ~*~*~tactically~*~*~ (stealth).
 19895 | D:13     | 19895 ||| INVOKING Heroism.
 19911 | D:13     | 19911 ||| Stepping ~*~*~tactically~*~*~ (hiding).
 20246 | D:14     | 20246 ||| Stepping ~*~*~tactically~*~*~ (hiding).
 20248 | D:14     | 20248 ||| Stepping ~*~*~tactically~*~*~ (hiding).
 20248 | D:14     | Noticed Louise
 20249 | D:14     | 20249 ||| INVOKING Heroism.
 20267 | D:14     | Killed Louise
 20296 | D:14     | 20296 ||| DROPPING +5 flail.
 20378 | D:14     | 20378 ||| Stepping ~*~*~tactically~*~*~ (hiding).
 20390 | D:14     | 20390 ||| Stepping ~*~*~tactically~*~*~ (hiding).
 20393 | D:14     | 20393 ||| Stepping ~*~*~tactically~*~*~ (hiding).
 20394 | D:14     | 20394 ||| Stepping ~*~*~tactically~*~*~ (hiding).
 20395 | D:14     | 20395 ||| INVOKING Heroism.
 20401 | D:14     | Received a gift from Okawaru
 20402 | D:14     | Reached skill level 17 in Axes
 20465 | D:14     | 20465 ||| INVOKING Heroism.
 20469 | D:14     | 20469 ||| Stepping ~*~*~tactically~*~*~ (stealth).
 20480 | D:14     | 20480 ||| Stepping ~*~*~tactically~*~*~ (hiding).
 20514 | D:14     | 20514 ||| Stepping ~*~*~tactically~*~*~ (stealth).
 20675 | D:14     | 20675 ||| INVOKING Heroism.
 20676 | D:14     | 20676 ||| SWAPPING to +1 eveningstar of protection.
 20686 | D:14     | 20686 ||| SWAPPING to +9 broad axe of Quantum Leap {heavy,
                  | Will++ Str+4}.
 20821 | D:14     | Noticed Roxanne
 20822 | D:14     | 20822 ||| INVOKING Heroism.
 20831 | D:14     | Killed Roxanne
 21103 | D:14     | 21103 ||| Stepping ~*~*~tactically~*~*~ (stealth).
 21105 | D:14     | 21105 ||| Stepping ~*~*~tactically~*~*~ (hiding).
 21126 | D:14     | 21126 ||| STAIRDANCE
 21159 | D:13     | 21159 ||| UPGRADING to +2 tower shield.
 21169 | D:13     | 21169 ||| DROPPING +1 buckler of reflection.
 21170 | D:13     | 21170 ||| DROPPING amulet of magic regeneration.
 21177 | D:14     | 21177 ||| INVOKING Heroism.
 21189 | D:14     | Found a gate to the Vaults.
 21226 | D:14     | Found Barchygu's Firing Range.
 21273 | D:15     | Entered Level 15 of the Dungeon
 21358 | D:15     | 21358 ||| Stepping ~*~*~tactically~*~*~ (hiding).
 21359 | D:15     | 21359 ||| Stepping ~*~*~tactically~*~*~ (hiding).
 21361 | D:15     | 21361 ||| Stepping ~*~*~tactically~*~*~ (hiding).
 21362 | D:15     | 21362 ||| Stepping ~*~*~tactically~*~*~ (hiding).
 21404 | D:15     | Found a burning altar of Makhleb.
 21504 | D:15     | 21504 ||| INVOKING Heroism.
 21519 | D:15     | Reached skill level 9 in Shields
 21526 | D:15     | Received a gift from Okawaru
 21529 | D:15     | 21529 ||| INVOKING Heroism.
 21700 | D:15     | Found a staircase to the Depths.
 21710 | D:15     | 21710 ||| Stepping ~*~*~tactically~*~*~ (stealth).
 21711 | D:15     | 21711 ||| Stepping ~*~*~tactically~*~*~ (stealth).
 21713 | D:15     | 21713 ||| INVOKING Heroism.
 21724 | D:15     | 21724 ||| Stepping ~*~*~tactically~*~*~ (stealth).
 21726 | D:15     | 21726 ||| Stepping ~*~*~tactically~*~*~ (stealth).
 21731 | D:15     | 21731 ||| Stepping ~*~*~tactically~*~*~ (stealth).
 21762 | D:15     | 21762 ||| FLEEEEING.
 21763 | D:15     | 21763 ||| FLEEEEING.
 21764 | D:15     | 21764 ||| FLEEEEING.
 21765 | D:15     | 21765 ||| FLEEEEING.
 21766 | D:15     | 21766 ||| FLEEEEING.
 21767 | D:15     | 21767 ||| Stepping ~*~*~tactically~*~*~ (hiding).
 21781 | D:15     | 21781 ||| Stepping ~*~*~tactically~*~*~ (stealth).
 21786 | D:15     | 21786 ||| INVOKING Heroism.
 21903 | D:15     | 21903 ||| Stepping ~*~*~tactically~*~*~ (hiding).
 21904 | D:15     | 21904 ||| Stepping ~*~*~tactically~*~*~ (hiding).
 21916 | D:15     | 21916 ||| FLEEEEING.
 21917 | D:15     | 21917 ||| FLEEEEING.
 22021 | D:15     | 22021 ||| Stepping ~*~*~tactically~*~*~ (stealth).
 22025 | D:15     | 22025 ||| Stepping ~*~*~tactically~*~*~ (hiding).
 22027 | D:15     | 22027 ||| Stepping ~*~*~tactically~*~*~ (hiding).
 22083 | D:15     | 22083 ||| Stepping ~*~*~tactically~*~*~ (stealth).
 22107 | D:15     | 22107 ||| INVOKING Heroism.
 22755 | D:15     | 22755 ||| PLANNING ORC
 22755 | D:15     | 22755 ||| READING scroll labelled FEDWUFEALU.
 22811 | D:15     | 22811 ||| READING 12 scrolls of identify.
 22811 | D:15     | 22811 ||| IDENTIFYING sapphire potion
 22971 | Orc:1    | Entered Level 1 of the Orcish Mines
 22973 | Orc:1    | 22973 ||| INVOKING Heroism.
 23117 | Orc:2    | Entered Level 2 of the Orcish Mines
 23125 | Orc:1    | Noticed Nergalle
 23140 | Orc:1    | Killed Nergalle
 23355 | Orc:1    | 23355 ||| Stepping ~*~*~tactically~*~*~ (hiding).
 23357 | Orc:1    | 23357 ||| INVOKING Heroism.
 23486 | Orc:2    | 23486 ||| INVOKING Heroism.
 23497 | Orc:2    | Found a staircase to the Elven Halls.
 23578 | Orc:2    | 23578 ||| Stepping ~*~*~tactically~*~*~ (stealth).
 23581 | Orc:2    | 23581 ||| Stepping ~*~*~tactically~*~*~ (stealth).
 23585 | Orc:2    | 23585 ||| Stepping ~*~*~tactically~*~*~ (hiding).
 23587 | Orc:2    | 23587 ||| Stepping ~*~*~tactically~*~*~ (stealth).
 23588 | Orc:2    | 23588 ||| Stepping ~*~*~tactically~*~*~ (stealth).
 23681 | Orc:2    | 23681 ||| INVOKING Heroism.
 23752 | Orc:2    | 23752 ||| Stepping ~*~*~tactically~*~*~ (hiding).
 23760 | Orc:2    | 23760 ||| INVOKING Heroism.
 23775 | Orc:2    | 23775 ||| Stepping ~*~*~tactically~*~*~ (hiding).
 23786 | Orc:2    | Reached skill level 12 in Shields
 23790 | Orc:2    | HP: 15/98 [orc knight/+0 long sword (26)]
 23791 | Orc:2    | Reached XP level 16. HP: 16/104 MP: 23/23
 23791 | Orc:2    | 23791 ||| READING 5 scrolls of teleportation.
 23792 | Orc:2    | HP: 7/104 [orc sorcerer/+0 dagger (10)]
 23792 | Orc:2    | Killed from afar by an orc high priest

Levels and vault maps discovered:
D:1:      dpeg_arrival_houses_and_road, layout_basic, serial_curves,
          eino_curves_01, eino_curves_02
D:2:      layout_rooms, serial_rivers, chequers_serial_rivers_marsh,
          chequers_serial_rivers_micro_b, chequers_serial_rivers_large_a,
          chequers_serial_rivers_small_b, chequers_serial_rivers_micro_b,
          chequers_serial_rivers_small_b, ebering_ecumenical_altar_mist,
          hex_intersection, st_stairs_3, minmay_misc_feat_diagonals,
          uniq_crazy_yiuf_cottage, uniq_sigmund, uniq_robin
D:3:      layout_basic, kennysheep_generic_room_9
D:4:      cheibrodos_old_hovel, layout_cave_pools,
          grunt_dithmenos_smoke_and_mirrors, minmay_fractal_squares_5
D:5:      layout_cave_pools, kennysheep_little_box,
          minmay_temple_entry_nine_rooms, uniq_blork_the_orc,
          uniq_prince_ribbit1
D:6:      layout_loops_ring, chequers_serial_rivers_micro_b
D:7:      layout_basic, trog_ov_bears_minmay, uniq_duvessa
D:8:      layout_loops_ring, erik_lair_orcish_takeover
D:9:      gammafunk_wand_slinger, layout_basic,
          kennysheep_orc_monster_closet_entryway, minmay_protected_statue,
          uniq_harold
D:10:     layout_cave_pools, mainiacjoe_overflow_small_starburst,
          nicolae_yredelemnul_corpse_copse,
          chequers_temple_overflow_statue_of_worship
D:11:     layout_cave_pools
D:12:     layout_cave_pods, portal_ice_cave_entry_pillars_1,
          hellmonk_okawaru_the_only_friend_you_need
D:13:     layout_basic, serial_corexii_hall, chequers_hall_statues_corner_a,
          chequers_hall_statues_y
D:14:     layout_basic, david_vaults_5, nicolae_shop_firing_range, uniq_louise,
          uniq_roxanne
D:15:     hangedman_depths_entry_civil_slaughter, layout_gridville,
          hangedman_decor_cross_pass, minmay_misc_feat_room, serial_bayou_pond_b
Temple:   hellmonk_temple_two_chambers
Lair:1:   layout_chaotic_city, gauntlet_entry_generic, grunt_megastairs_3,
          infiniplex_staircase_pool
Lair:2:   layout_regular_city, shoals_dummy_entry, spider_nest_entry_web_field,
          nicolae_lair_lindhole, wad_woods_river_01, grunt_megastairs_4,
          uniq_maggie
Lair:3:   layout_regular_city, grunt_megastairs_1, uniq_rupert
Lair:4:   layout_regular_city, slime_entry_1
Lair:5:   evil_forest, layout_small_grid, minmay_lair_drake_nest,
          lemuel_fruit_fields, uniq_snorg
Orc:1:    layout_caves, uniq_nergalle
Orc:2:    grunt_orc_tribal_feast, layout_diamond_mine

Skill      XL: |  1  2  3  4  5  6  7  8  9 10 11 12 13 14 15 |
---------------+----------------------------------------------+-----
Axes           | 2 3 5 6 7 9 10 11 12 13 14 16 17 | 17.1
Fighting       | 4 5 6 7 9 10 11 12 13 | 13.0
Dodging        | 1 2 3 |  3.0
Throwing       | 1 4 5 6 |  6.2
Invocations    | 2 4 6 10 | 10.0
Shields        | 4 5 6 7 8 12 | 12.1
Armour         | 4 5 7 8 9 10 | 10.1

Action                     |  1- 3 |  4- 6 |  7- 9 | 10-12 | 13-15 | 16-18 || total
---------------------------+-------+-------+-------+-------+-------+-------++-------
  Melee: War axe           |    58 |   177 |       |       |       |       ||   235
         Broad axe         |       |     4 |   120 |   227 |   596 |     1 ||   948
         Flail             |       |       |       |     5 |    45 |       ||    50
         Eveningstar       |       |       |       |       |     9 |       ||     9
  Throw: Boomerang         |       |       |    10 |     4 |   116 |       ||   130
         Javelin           |       |       |       |    58 |    85 |       ||   143
 Invoke: Heroism           |       |       |     7 |    21 |    39 |       ||    67
         Finesse           |       |       |       |     2 |     4 |       ||     6
    Use: Scroll            |     2 |    12 |     6 |     5 |    13 |     1 ||    39
         Potion            |       |       |     1 |     1 |     8 |       ||    10
 Armour: Scale mail        |    35 |     8 |       |       |       |       ||    43
         Chain mail        |       |   103 |    83 |    58 |       |       ||   244
         Plate armour      |       |       |       |    82 |   429 |       ||   511
  Dodge: Dodged            |    29 |    72 |    62 |   113 |   433 |       ||   709
  Block: Buckler           |     5 |    26 |    36 |    65 |   194 |       ||   326
         Reflection        |       |       |       |       |     9 |       ||     9
         Tower shield      |       |       |       |       |   191 |     3 ||   194

Table legend:
 A = Non-vault XP
 B = Vault XP
 C = Vault XP percentage of total XP
 D = Non-vault monster count
 E = Vault monster count
 F = Vault count percentage of total count
                 A         B        C        D         E       F
            +---------+---------+-------+---------+---------+-------
      Total |   82774 |   46360 |  35.9 |     465 |     163 |  26.0
            +---------+---------+-------+---------+---------+-------
        D:1 |      24 |       0 |   0.0 |      13 |       0 |   0.0
        D:2 |      54 |     274 |  83.5 |      16 |      14 |  46.7
        D:3 |     124 |       2 |   1.6 |      20 |       1 |   4.8
        D:4 |      72 |      38 |  34.5 |      25 |       3 |  10.7
        D:5 |     430 |     376 |  46.7 |      21 |       2 |   8.7
        D:6 |     667 |       0 |   0.0 |      14 |       0 |   0.0
        D:7 |    1455 |     457 |  23.9 |      19 |       4 |  17.4
        D:8 |    1778 |     616 |  25.7 |      24 |       8 |  25.0
        D:9 |    3016 |    2435 |  44.7 |      27 |      21 |  43.8
       D:10 |    1786 |    3281 |  64.8 |      21 |      10 |  32.3
       D:11 |    2180 |       0 |   0.0 |      10 |       0 |   0.0
       D:12 |    5040 |       0 |   0.0 |      15 |       0 |   0.0
       D:13 |   10401 |     887 |   7.9 |      33 |       1 |   2.9
       D:14 |    7713 |    6052 |  44.0 |      17 |      10 |  37.0
       D:15 |    8328 |    4715 |  36.1 |      19 |       8 |  29.6
     Lair:1 |    3486 |     534 |  13.3 |      15 |       4 |  21.1
     Lair:2 |    8328 |    3055 |  26.8 |      26 |       9 |  25.7
     Lair:3 |    4881 |    2468 |  33.6 |      26 |       5 |  16.1
     Lair:4 |    6474 |     931 |  12.6 |      14 |       1 |   6.7
     Lair:5 |    9853 |   12046 |  55.0 |      29 |      29 |  50.0
      Orc:1 |    2946 |     775 |  20.8 |      32 |       1 |   3.0
      Orc:2 |    3738 |    3334 |  47.1 |      29 |      18 |  38.3
   Gauntlet |       0 |    4084 | 100.0 |       0 |      14 | 100.0
            +---------+---------+-------+---------+---------+-------
